 Dungeon Crawl Stone Soup version 0.21.0-3-g78d12a8 (webtiles) character file.

6572 Dfrag the Magician (level 11, 0/81 HPs)
             Began as a Gnoll Fire Elementalist on Jan 8, 2018.
             Was an Elder of Vehumet.
             Killed by the air
             ... invoked by Gastronok
              (19 damage)
             ... on level 9 of the Dungeon.
             The game lasted 00:23:32 (9449 turns).

Dfrag the Magician (Gnoll Fire Elementalist)        Turns: 9449, Time: 00:23:33

Health: 0/81       AC:  2    Str: 11    XL:     11   Next: 1%
Magic:  6/31       EV: 17    Int: 20    God:    Vehumet [****..]
Gold:   833        SH:  0    Dex: 16    Spells: 4/25 levels left

rFire    . . .     SeeInvis .   G - +1 flail (protect)
rCold    + . .     Gourm    .   (no shield)
rNeg     . . .     Faith    .   a - +0 robe
rPois    .         Spirit   .   (no helmet)
rElec    .         Reflect  .   (no cloak)
rCorr    .         Harm     .   (no gloves)
MR       .....                  (no boots)
Stlth    ++++......             J - amulet of regeneration
HPRegen  0.63/turn              s - ring of protection from cold
MPRegen  0.22/turn              I - ring of magical power

@: slowed, very slow
A: distributed training, fangs 1, strong nose
a: Renounce Religion


You were on level 9 of the Dungeon.
You worshipped Vehumet.
Vehumet was greatly pleased with you.
You were very hungry.

You visited 2 branches of the dungeon, and saw 10 of its levels.
You also visited: Sewer and Ossuary.

You collected 833 gold pieces.

Inventory:

Hand Weapons
 h - a +2 flail of holy wrath
 G - a +1 flail of protection (weapon)
Missiles
 p - 2 tomahawks of dispersal (quivered)
Armour
 a - a +0 robe (worn)
Jewellery
 j - an uncursed amulet of harm
 m - an uncursed ring of resist corrosion
 s - a ring of protection from cold (left hand)
 u - an uncursed ring of protection from cold
 w - an uncursed amulet of faith
 I - a ring of magical power (right hand)
 J - an amulet of regeneration (around neck)
Wands
 A - a wand of digging (14)
Scrolls
 l - a scroll of fog
 n - a scroll of amnesia
 t - 6 scrolls of teleportation
 v - a scroll of immolation
 y - a scroll of noise
 z - a scroll of fear {unknown}
 B - a scroll of blinking
 C - a scroll of vulnerability {unknown}
 E - 2 scrolls of remove curse
 K - a scroll of enchant weapon
 M - a scroll of magic mapping
Potions
 d - a potion of heal wounds
 e - 5 potions of magic {unknown}
 f - a potion of agility
 g - 7 potions of brilliance {unknown}
 i - 2 potions of mutation {unknown}
 o - 3 potions of curing
 q - 3 potions of might
 r - a potion of resistance {unknown}
 x - 3 potions of degeneration {unknown}
 D - a potion of haste {unknown}
 F - a potion of ambrosia {unknown}
Books
 b - a book of Flames

   Spells                             Type                      Level
   a - Flame Tongue                   Conjuration/Fire             1
   b - Throw Flame                    Conjuration/Fire             2
   c - Conjure Flame                  Conjuration/Fire             3
   d - Inner Flame                    Hexes/Fire                   3
   e - Sticky Flame                   Conjuration/Fire             4
   f - Fireball                       Conjuration/Fire             5
 k - a Young Poisoner's Handbook

   Spells                             Type                      Level
   a - Sting                          Conjuration/Poison           1
   b - Poisonous Vapours              Poison/Air                   2
   c - Mephitic Cloud                 Conjuration/Poison/Air       3
   d - Olgreb's Toxic Radiance        Poison                       4
   e - Venom Bolt                     Conjuration/Poison           5
 H - a book of Debilitation

   Spells                             Type                      Level
   a - Corona                         Hexes                        1
   b - Slow                           Hexes                        2
   c - Inner Flame                    Hexes/Fire                   3
   d - Portal Projectile              Hexes/Translocation          3
   e - Cause Fear                     Hexes                        4
   f - Leda's Liquefaction            Hexes/Earth                  4
 L - a book of Power

   Spells                             Type                      Level
   a - Iskenderun's Battlesphere      Conjuration/Charms           5
   b - Venom Bolt                     Conjuration/Poison           5
   c - Bolt of Magma                  Conjuration/Fire/Earth       5
   d - Iron Shot                      Conjuration/Earth            6
   e - Orb of Destruction             Conjuration                  7
   f - Spellforged Servitor           Conjuration/Summoning        7
Comestibles
 c - 25 rations
 N - 4 chunks of flesh


   Skills:
 + Level 5.7 Fighting
 + Level 5.7 Short Blades
 + Level 5.7 Long Blades
 + Level 5.7 Axes
 + Level 5.7 Maces & Flails
 + Level 5.7 Polearms
 + Level 5.7 Staves
 + Level 5.7 Slings
 + Level 5.7 Bows
 + Level 5.7 Crossbows
 + Level 5.7 Throwing
 + Level 5.7 Armour
 + Level 7.4 Dodging
 + Level 7.2 Stealth
 + Level 5.7 Shields
 + Level 5.7 Unarmed Combat
 + Level 7.7 Spellcasting
 + Level 5.2 Conjurations
 + Level 4.7 Hexes
 + Level 4.7 Charms
 + Level 4.7 Summonings
 + Level 4.7 Necromancy
 + Level 4.7 Translocations
 + Level 4.7 Transmutations
 + Level 7.3 Fire Magic
 + Level 4.7 Ice Magic
 + Level 4.7 Air Magic
 + Level 4.7 Earth Magic
 + Level 4.7 Poison Magic
 + Level 6.3 Invocations
 + Level 5.7 Evocations


You had 4 spell levels left.
You knew the following spells:

 Your Spells              Type           Power        Failure   Level  Hunger
a - Flame Tongue          Conj/Fire      ####.        1%          1    None
b - Conjure Flame         Conj/Fire      ####....     1%          3    None
c - Sticky Flame          Conj/Fire      ####....     1%          4    ###....
d - Fireball              Conj/Fire      ####......   5%          5    #####..
e - Mephitic Cloud        Conj/Pois/Air  ####....     1%          3    None
f - Venom Bolt            Conj/Pois      ####......   9%          5    #####..


Dungeon Overview and Level Annotations

Branches:
Dungeon (9/15)             Temple (1/1) D:4            Lair (0/6) D:9
    Orc: D:9-12

Altars:
Ashenzari
Cheibriados
Dithmenos
Elyvilon
Fedhas
Gozag
Hepliaklqana
Kikubaaqudgha
Makhleb
Nemelex Xobeh
Okawaru
Qazlal
Ru
Sif Muna
Trog
Uskayaw
Vehumet
Wu Jian
Xom
Yredelemnul
Zin
The Shining One

Shops:
D:7 !

Annotations:
D:8 exclusion: orange crystal statue
D:9 Gastronok


Innate Abilities, Weirdness & Mutations

Your experience applies equally to all skills.
You have very sharp teeth.
Your uncanny sense of smell can sniff out nearby items.


Message History

Unknown command.
Unknown command.
Casting: Sticky Flame
Confirm with . or Enter, or press ? or * to list all spells.
Aiming: Sticky Flame
Press: ? - help, Shift-Dir - straight line, f - river rat
Aim: a river rat (summoned)
The sticky flame hits the river rat.
The river rat is moderately wounded.
The river rat is covered in liquid flames!
The river rat burns! x2; The river rat barely misses you.
The rat closely misses you. The river rat closely misses you.
Unknown command.
The river rat burns!
You kill the river rat!
The river rat's corpse disappears in a puff of smoke!
The rat misses you.
Gastronok waves his eye-stalks in wide circles.
The air twists around and strikes you!
You die...

#.....#..#............
...##.....#..#..........##
..........#..#####...#...โ‰ˆ
##.####'###..#.....##..#.. #
#.##...'.....+#.##P. #.
#.##..##.....##..PP.
#.####.##..##......#โ‰ˆ.PP>
###.................##..PPP
#.........@.........##.##PP
########..rr........'#..#..
#....#.#.....####.#.#...โ‰ˆ
#....#.#ยง....# #.#....##
#....#.#.....####.#......
#......w..b..............
#....#.#......##.....#...
#....#.###'##.##.. #.....
#.#...r........... #.#.<.


You could see Gastronok, a quokka, a bat and a rat.

Vanquished Creatures
  Pikel (D:6)
  Psyche (D:8)
  Prince Ribbit (D:5)
  A queen bee (D:9)
  2 hippogriffs (D:9)
  Sigmund (D:2)
  Eustachio (D:5)
  A hungry ghost (D:7)
  A water moccasin (D:9)
  A black bear (D:7)
  A phantom (D:5)
  An ice beast (D:4)
  3 orc warriors
  5 ogres
  3 centaurs
  2 elf zombies (Ossuary)
  2 big kobolds
  4 bullfrogs
  A gnoll sergeant (D:6)
  3 scorpions
  23 killer bees (D:9)
  A howler monkey (D:6)
  A quasit (D:8)
  12 orc wizards
  A human zombie (Ossuary)
  5 orc priests
  5 hounds
  2 centaur skeletons
  A gnoll shaman (D:4)
  Terence (D:3)
  An iguana (D:4)
  6 worker ants
  A big kobold zombie (Ossuary)
  3 mummies
  15 gnolls
  10 adders
  A river rat (D:3)
  4 shadow imps
  3 oozes
  An adder zombie (D:7)
  An adder skeleton (D:7)
  4 worms
  A dart slug (D:1)
  4 leopard geckos
  43 orcs
  11 giant cockroaches
  3 gnoll zombies (Ossuary)
  7 goblins
  8 hobgoblins
  14 jackals
  6 quokkas
  3 ball pythons (Sewer)
  15 bats
  8 frilled lizards
  2 goblin zombies (Ossuary)
  4 hobgoblin zombies (Ossuary)
  19 kobolds
  A leopard gecko skeleton (D:4)
  An orc zombie (Ossuary)
  9 rats
  3 plants (Sewer)
300 creatures vanquished.

Vanquished Creatures (others)
  A plant (Sewer)
1 creature vanquished.

Grand Total: 301 creatures vanquished

Notes
Turn   | Place    | Note
-------+----------+-------------------------------------------
     0 | D:1      | Dfrag the Gnoll Fire Elementalist began the quest for the Orb.
     0 | D:1      | Reached XP level 1. HP: 13/13 MP: 6/6
    60 | D:1      | Reached XP level 2. HP: 10/19 MP: 2/7
   254 | D:1      | HP: 1/20 [hobgoblin/club (5)]
   281 | D:1      | Reached XP level 3. HP: 4/25 MP: 2/9
   282 | D:1      | Reached skill level 5 in Spellcasting
   749 | D:2      | Found a shattered altar of Ashenzari.
   767 | D:2      | Reached skill level 1 in Invocations
   784 | D:2      | Reached skill level 1 in Fighting
   784 | D:2      | Reached skill level 1 in Short Blades
   784 | D:2      | Reached skill level 1 in Long Blades
   784 | D:2      | Reached skill level 1 in Axes
   784 | D:2      | Reached skill level 1 in Maces & Flails
   784 | D:2      | Reached skill level 1 in Polearms
   784 | D:2      | Reached skill level 1 in Staves
   784 | D:2      | Reached skill level 1 in Slings
   784 | D:2      | Reached skill level 1 in Bows
   784 | D:2      | Reached skill level 1 in Crossbows
   784 | D:2      | Reached skill level 1 in Throwing
   784 | D:2      | Reached skill level 1 in Armour
   784 | D:2      | Reached skill level 1 in Shields
   784 | D:2      | Reached skill level 1 in Unarmed Combat
   784 | D:2      | Reached skill level 1 in Evocations
   784 | D:2      | Reached XP level 4. HP: 19/32 MP: 3/11
   790 | D:2      | Noticed Sigmund
   892 | D:1      | Learned a level 3 spell: Conjure Flame
  1200 | D:2      | Killed Sigmund
  1200 | D:2      | Reached skill level 1 in Hexes
  1200 | D:2      | Reached skill level 1 in Charms
  1200 | D:2      | Reached skill level 1 in Summonings
  1200 | D:2      | Reached skill level 1 in Necromancy
  1200 | D:2      | Reached skill level 1 in Translocations
  1200 | D:2      | Reached skill level 1 in Transmutations
  1200 | D:2      | Reached skill level 1 in Ice Magic
  1200 | D:2      | Reached skill level 1 in Air Magic
  1200 | D:2      | Reached skill level 1 in Earth Magic
  1200 | D:2      | Reached skill level 1 in Poison Magic
  1200 | D:2      | Reached XP level 5. HP: 9/38 MP: 4/12
  1200 | D:2      | Reached XP level 6. HP: 11/44 MP: 4/13
  1570 | D:3      | Found a glowing drain.
  1628 | Sewer    | Entered a sewer
  1779 | Sewer    | Reached skill level 5 in Dodging
  2314 | D:3      | Noticed Terence
  2321 | D:3      | Killed Terence
  2327 | D:3      | Learned a level 4 spell: Sticky Flame
  2648 | D:3      | Reached XP level 7. HP: 19/50 MP: 2/15
  3204 | D:4      | Reached skill level 5 in Stealth
  3208 | D:4      | Found a shadowy altar of Dithmenos.
  3262 | D:4      | Found an opulent altar of Gozag.
  3262 | D:4      | Found a sparkling altar of Nemelex Xobeh.
  3330 | D:4      | Reached XP level 8. HP: 42/57 MP: 4/16
  3339 | D:4      | Found a staircase to the Ecumenical Temple.
  3347 | Temple   | Entered the Ecumenical Temple
  3438 | Temple   | Became a worshipper of Vehumet
  4042 | D:5      | Entered Level 5 of the Dungeon
  4046 | D:5      | Noticed Eustachio
  4060 | D:5      | Killed Eustachio
  4183 | D:5      | Noticed Prince Ribbit
  4226 | D:5      | Killed Prince Ribbit
  4384 | D:5      | Found a bloodstained altar of Trog.
  4447 | D:5      | Found an iron altar of Okawaru.
  4475 | D:5      | Reached * piety under Vehumet
  4475 | D:5      | Offered knowledge of Shock by Vehumet.
  4598 | D:5      | Reached XP level 9. HP: 42/65 MP: 4/18
  4789 | D:6      | Found a deep blue altar of Sif Muna.
  5260 | D:6      | Noticed Pikel
  5288 | D:6      | Killed Pikel
  5574 | D:6      | Offered knowledge of Sting by Vehumet.
  6314 | D:7      | Reached ** piety under Vehumet
  6330 | D:7      | Reached skill level 5 in Invocations
  6425 | D:7      | Found a sand-covered staircase.
  6429 | D:7      | HP: 2/66 [mummy (16)]
  6557 | Ossuary  | Entered an ossuary
  7066 | D:7      | Reached XP level 10. HP: 56/73 MP: 13/20
  7119 | D:7      | Learned a level 5 spell: Fireball
  7123 | D:7      | Learned a level 3 spell: Mephitic Cloud
  7160 | D:7      | Found an ancient bone altar of Kikubaaqudgha.
  7233 | D:7      | Offered knowledge of Throw Frost by Vehumet.
  7341 | D:7      | Reached *** piety under Vehumet
  7582 | D:7      | Found Kypiakhlif's Distillery.
  7821 | D:8      | Noticed Psyche
  7831 | D:8      | Learned a level 5 spell: Venom Bolt
  7880 | D:8      | Killed Psyche
  7880 | D:8      | Reached skill level 5 in Fighting
  7880 | D:8      | Reached skill level 5 in Short Blades
  7880 | D:8      | Reached skill level 5 in Long Blades
  7880 | D:8      | Reached skill level 5 in Axes
  7880 | D:8      | Reached skill level 5 in Maces & Flails
  7880 | D:8      | Reached skill level 5 in Polearms
  7880 | D:8      | Reached skill level 5 in Staves
  7880 | D:8      | Reached skill level 5 in Slings
  7880 | D:8      | Reached skill level 5 in Bows
  7880 | D:8      | Reached skill level 5 in Crossbows
  7880 | D:8      | Reached skill level 5 in Throwing
  7880 | D:8      | Reached skill level 5 in Armour
  7880 | D:8      | Reached skill level 5 in Shields
  7880 | D:8      | Reached skill level 5 in Unarmed Combat
  7880 | D:8      | Reached skill level 5 in Evocations
  8111 | D:8      | Noticed an orange crystal statue
  8303 | D:8      | Offered knowledge of Throw Icicle by Vehumet.
  8359 | D:9      | Found a staircase to the Lair.
  8723 | D:9      | Reached skill level 5 in Conjurations
  9006 | D:9      | Reached **** piety under Vehumet
  9284 | D:9      | Offered knowledge of Stone Arrow by Vehumet.
  9365 | D:9      | Reached XP level 11. HP: 80/81 MP: 22/22
  9396 | D:9      | Noticed Gastronok
  9449 | D:9      | Killed from afar by Gastronok

Skill      XL: |  1  2  3  4  5  6  7  8  9 10 |
---------------+-------------------------------+-----
Conjurations   | 2 3 4 5 |  5.2
Spellcasting   | 5 6 7 |  7.7
Invocations    | 1 2 3 4 5 6 |  6.3
Fighting       | 1 2 3 4 5 |  5.7
Short Blades   | 1 2 3 4 5 |  5.7
Long Blades    | 1 2 3 4 5 |  5.7
Axes           | 1 2 3 4 5 |  5.7
Maces & Flails | 1 2 3 4 5 |  5.7
Polearms       | 1 2 3 4 5 |  5.7
Staves         | 1 2 3 4 5 |  5.7
Slings         | 1 2 3 4 5 |  5.7
Bows           | 1 2 3 4 5 |  5.7
Crossbows      | 1 2 3 4 5 |  5.7
Throwing       | 1 2 3 4 5 |  5.7
Armour         | 1 2 3 4 5 |  5.7
Shields        | 1 2 3 4 5 |  5.7
Unarmed Combat | 1 2 3 4 5 |  5.7
Evocations     | 1 2 3 4 5 |  5.7
Hexes          | 1 2 3 4 |  4.7
Charms         | 1 2 3 4 |  4.7
Summonings     | 1 2 3 4 |  4.7
Necromancy     | 1 2 3 4 |  4.7
Translocations | 1 2 3 4 |  4.7
Transmutations | 1 2 3 4 |  4.7
Ice Magic      | 1 2 3 4 |  4.7
Air Magic      | 1 2 3 4 |  4.7
Earth Magic    | 1 2 3 4 |  4.7
Poison Magic   | 1 2 3 4 |  4.7
Dodging        | 5 6 7 |  7.4
Stealth        | 5 6 7 |  7.2
Fire Magic     | 6 7 |  7.3

Action                   |  1- 3 |  4- 6 |  7- 9 | 10-12 || total
-------------------------+-------+-------+-------+-------++-------
Melee: Unarmed           |    13 |    65 |       |       ||    78
       Bite              |     2 |    64 |    21 |     4 ||    91
       Short sword       |       |   242 |       |       ||   242
       Punch             |       |     6 |     1 |       ||     7
       Dagger            |       |       |   106 |       ||   106
       Flail             |       |       |    57 |    47 ||   104
 Cast: Flame Tongue      |    51 |   134 |   168 |    68 ||   421
       Sticky Flame      |       |     1 |    47 |    60 ||   108
       Conjure Flame     |       |       |     1 |       ||     1
       Venom Bolt        |       |       |       |     9 ||     9
       Fireball          |       |       |       |     2 ||     2
       Mephitic Cloud    |       |       |       |     1 ||     1
  Use: Scroll            |       |     1 |     7 |     6 ||    14
       Potion            |       |     1 |       |     2 ||     3
 Stab: Sleeping          |       |     2 |    17 |     1 ||    20
  Eat: Chunk             |       |     2 |    19 |    12 ||    33
       Ration            |       |     1 |     3 |     1 ||     5
Armor: Robe              |     5 |     9 |    21 |    17 ||    52
Dodge: Dodged            |    54 |    66 |   172 |   136 ||   428
